 Dungeon Crawl Stone Soup version 0.19.3-4-gbf9329e (webtiles) character file.

389 ChocoTaco the Ruffian (level 6, -6/59 HPs)
             Began as a Troll Monk on Jan 28, 2017.
             Mangled by Prince Ribbit (13 damage)
             ... on level 5 of the Dungeon.
             The game lasted 00:02:45 (3006 turns).

ChocoTaco the Ruffian (Troll Monk)                  Turns: 3006, Time: 00:02:46

Health: -6/59      AC:  5    Str: 26    XL:     6   Next: 50%
Magic:  5/5        EV: 10    Int:  7    God:
Gold:   315        SH:  0    Dex: 12    Spells: 0 memorised, 5 levels left

rFire  . . .     SeeInvis .       - Unarmed
rCold  . . .     Gourm    +     a - +0 robe
rNeg   . . .     Faith    .     (no shield)
rPois  .         Spirit   .     (helmet restricted)
rElec  .         Reflect  .     (no cloak)
rCorr  .         Harm     .     (gloves unavailable)
MR     .....                    (boots unavailable)
Stlth  ++........               (no amulet)
                                (no ring)
                                o - ring of wizardry

@: mighty
A: unfitting armour, claws 3, fast metabolism 3, gourmand, regeneration 1,
shaggy fur 1, tough skin 2
a: no special abilities


You were on level 5 of the Dungeon.
You were not hungry.

You visited 1 branch of the dungeon, and saw 5 of its levels.

You collected 315 gold pieces.

Inventory:

Armour
 a - a +0 robe (worn)
Jewellery
 o - a ring of wizardry (left claw)
 B - an uncursed amulet of magic regeneration {unknown}
Wands
 t - a wand of iceblast (3/15)
 z - a wand of lightning (12/15)
Scrolls
 d - 8 scrolls of identify {unknown}
 i - 4 scrolls of fear {unknown}
 k - 4 scrolls of remove curse {unknown}
 m - 2 scrolls of immolation {unknown}
 n - a scroll of random uselessness {unknown}
 q - 2 scrolls of magic mapping {unknown}
 r - 2 scrolls of recharging {unknown}
 s - a scroll of enchant weapon {unknown}
 v - 2 scrolls of amnesia {unknown}
 x - a scroll of teleportation {unknown}
 y - a scroll of fog {unknown}
 A - 2 scrolls of noise {unknown}
Potions
 e - a potion of might
 f - 5 potions of curing {unknown}
 h - 3 potions of flight {unknown}
 j - 2 potions of heal wounds {unknown}
 l - a potion of lignification {unknown}
 p - a potion of cure mutation {unknown}
 u - a potion of agility {unknown}
 w - a potion of invisibility {unknown}
Books
 C - a book of Cantrips

   Spells                             Type                      Level
   a - Confusing Touch                Hexes                        1
   b - Animate Skeleton               Necromancy                   1
   c - Summon Small Mammal            Summoning                    1
   d - Apportation                    Translocation                1
 D - a book of Changes

   Spells                             Type                      Level
   a - Beastly Appendage              Transmutation                1
   b - Sticks to Snakes               Transmutation                2
   c - Spider Form                    Transmutation/Poison         3
   d - Ice Form                       Ice/Transmutation            4
   e - Blade Hands                    Transmutation                5
Comestibles
 b - 3 bread rations
 c - a beef jerky
 g - 2 meat rations


   Skills:
 - Level 2.4 Fighting
 - Level 2.4 Dodging
 - Level 1.0 Stealth
 + Level 7.4 Unarmed Combat


You had 5 spell levels left.
You didn't know any spells.

Dungeon Overview and Level Annotations

Branches:
Dungeon (5/15)
 Temple: D:4-7

Altars:

Annotations:
D:5 Prince Ribbit


Innate Abilities, Weirdness & Mutations

You are too large for most types of armour.
You have claws for hands.
Your metabolism is lightning-fast.
You like to eat raw meat.
Your natural rate of healing is unusually fast.
You are covered in fur. (AC +1)
You have very tough skin. (AC +2)


Message History

Prince Ribbit hops awkwardly around.
Prince Ribbit blinks!
You miss Prince Ribbit.
Prince Ribbit is heavily wounded.
Prince Ribbit blinks!
Prince Ribbit blinks!
Prince Ribbit hits you.
* * * LOW HITPOINT WARNING * * *
Prince Ribbit closely misses you.
You closely miss Prince Ribbit.
Prince Ribbit is heavily wounded.
Prince Ribbit hits you.
* * * LOW HITPOINT WARNING * * *
You miss Prince Ribbit.
Prince Ribbit is heavily wounded.
Prince Ribbit closely misses you.
You completely miss Prince Ribbit.
Prince Ribbit is heavily wounded.
Prince Ribbit hits you!
You die...

........#+####
.......F#..F.#
........#....#
........'....#
........#....#
........#.####
##############.#
#..........F...#
#..........@...#
♣♣♣##..............+
♣.♣.P................#
♣.PP...###.##+##+####
♣♣PP....##.##.##....#
♣♣.................#
♣♣##.......[......#
#.......)......#
#......))).....#


You could see Prince Ribbit.

Vanquished Creatures
  2 ogres (D:5)
  A centaur skeleton (D:3)
  2 orc wizards (D:5)
  A killer bee zombie (D:5)
  5 adders
  A gnoll (D:1)
  3 oozes
  An adder zombie (D:5)
  A worm (D:2)
  2 dart slugs
  2 leopard geckos
  An orc (D:5)
  4 bats
  2 giant cockroaches
  5 goblins (D:3)
  6 hobgoblins
  A quokka (D:3)
  2 frilled lizards
  2 kobolds (D:1)
  3 rats
47 creatures vanquished.

Notes
Turn   | Place    | Note
-------+----------+-------------------------------------------
     0 | D:1      | ChocoTaco the Troll Monk began the quest for the Orb.
     0 | D:1      | Reached XP level 1. HP: 22/22 MP: 0/0
   224 | D:1      | Reached XP level 2. HP: 29/29 MP: 1/1
   315 | D:1      | Reached skill level 4 in Unarmed Combat
   712 | D:2      | Found a faded altar of an unknown god.
   760 | D:2      | Reached XP level 3. HP: 36/36 MP: 2/2
  1276 | D:3      | Reached skill level 5 in Unarmed Combat
  1276 | D:3      | Reached XP level 4. HP: 42/44 MP: 3/3
  2628 | D:5      | Entered Level 5 of the Dungeon
  2658 | D:5      | Reached XP level 5. HP: 47/50 MP: 4/4
  2691 | D:5      | Reached skill level 6 in Unarmed Combat
  2912 | D:5      | Noticed an ogre
  2916 | D:5      | Killed an ogre
  2916 | D:5      | Reached XP level 6. HP: 48/59 MP: 5/5
  2952 | D:5      | Noticed Prince Ribbit
  2964 | D:5      | Reached skill level 7 in Unarmed Combat
  3006 | D:5      | Mangled by Prince Ribbit

Skill      XL: |  1  2  3  4  5  6 |
---------------+-------------------+-----
Unarmed Combat | 4 5 6 7 |  7.4
Fighting       | |  2.4
Dodging        | |  2.4
Stealth        | |  1.0

Action                   |  1- 3 |  4- 6 || total
-------------------------+-------+-------++-------
Melee: Unarmed           |    56 |    75 ||   131
       Punch             |       |     2 ||     2
  Use: Potion            |       |     1 ||     1
 Stab: Sleeping          |     2 |     2 ||     4
  Eat: Chunk             |    15 |    13 ||    28
Armor: Robe              |    20 |    17 ||    37
Dodge: Dodged            |    23 |    34 ||    57
